 Dungeon Crawl Stone Soup version 0.30-a0-4-ga7cffc901d (webtiles) character file.

Game seed: 10945697687869596403

1451 sanka the Conjurer (level 8, -1/60 HPs)
             Began as a Gnoll Conjurer on Aug 20, 2022.
             Was an Initiate of Ashenzari.
             Slain by a wyvern (11 damage)
             ... on level 4 of the Dungeon.
             The game lasted 00:12:18 (6564 turns).

sanka the Conjurer (Gnoll Conjurer)                 Turns: 6564, Time: 00:12:19

Health: -1/60      AC:  3    Str:  7    XL:     8   Next: 75%
Magic:  6/18       EV: 13    Int: 20    God:    Ashenzari [......]
Gold:   160        SH:  0    Dex: 10    Spells: 13/20 levels left

rFire   . . .      SeeInvis .    a - +2 falchion of Ewisy {elec, rN+ rCorr}
rCold   . . .      Faith    .    (no shield)
rNeg    + . .      Spirit   .    d - +0 robe
rPois   .          Reflect  .    (no helmet)
rElec   .          Harm     .    p - scarf of the Revealing Pleiades {shadows, Self, Elem} (curse)
rCorr   +          Rampage  .    (no gloves)
Will    .....                    w - +0 pair of boots
Stlth   +++.......               (no amulet)
HPRegen 0.20/turn                (no ring)
MPRegen 0.16/turn                G - ring of resist corrosion

@: no status effects
A: fangs 1, strong nose, distributed training
a: Renounce Religion, Shatter the Chains


You were on level 4 of the Dungeon.
You worshipped Ashenzari.
Ashenzari was noncommittal.
You visited 1 branch of the dungeon, and saw 5 of its levels.
You also visited: Ossuary.

You collected 160 gold pieces.


Innate Abilities, Weirdness & Mutations

You have very sharp teeth.
Your uncanny sense of smell can sniff out nearby items.
Your experience applies equally to all skills.


   Skills:
 + Level 3.7(4.1) Fighting
 + Level 3.7 Short Blades
 + Level 3.7 Long Blades
 + Level 3.7 Axes
 + Level 3.7 Maces & Flails
 + Level 3.7 Polearms
 + Level 3.7 Staves
 + Level 3.7 Ranged Weapons
 + Level 3.7 Throwing
 + Level 3.7 Armour
 + Level 5.9 Dodging
 + Level 5.6 Stealth
 + Level 3.7 Shields
 + Level 3.7 Unarmed Combat
 + Level 6.3(6.7) Spellcasting
 + Level 7.8 Conjurations
 + Level 3.0 Hexes
 + Level 3.0 Summonings
 + Level 3.0 Necromancy
 + Level 3.0 Translocations
 + Level 3.0 Transmutations
 + Level 3.0(3.4) Fire Magic
 + Level 3.0(3.4) Ice Magic
 + Level 3.0(3.4) Air Magic
 + Level 3.0(3.4) Earth Magic
 + Level 3.0 Poison Magic
 + Level 4.0 Invocations
 + Level 3.7 Evocations


You had 13 spell levels left.
You knew the following spells:

 Your Spells              Type           Power      Damage    Failure   Level
x - Searing Ray           Conj           76%        2d7       1%          2
z - Magic Dart            Conj           100%       1d8       1%          1
Z - Fulminant Prism       Conj/Hex       14%        3d9       11%         4

Your spell library contained the following spells:

 Spells                   Type           Power      Damage    Failure   Level
 Dazzling Flash           Conj/Hex       56%        N/A       3%          3
 Iskenderun's Mystic Bla  Conj/Tloc      28%        2d7       11%         4

Inventory:

Hand Weapons
 a - the +2 falchion of Ewisy (weapon) {elec, rN+ rCorr}

   It occasionally discharges a powerful burst of electricity upon striking a
   foe.
   rN:        It protects you from negative energy.
   rCorr:     It protects you from acid and corrosion.
 b - a +2 dagger of electrocution
 k - a +0 bardiche
 s - a +4 quarterstaff of chaos
Armour
 d - a +0 robe (worn)
 o - a scarf of resistance
 p - the cursed scarf of the Revealing Pleiades (worn) {shadows, Self, Elem}

   It has a curse which improves the following skills: Introspection: Fighting
   and Spellcasting.
   Elements:  Fire Magic, Ice Magic, Air Magic and Earth Magic.
 w - a +0 pair of boots (worn)
 z - the +2 leather armour of Gehenna {Fly SInv}

   SInv:      It lets you see invisible.
   Fly:       It grants you flight.
Magical Staves
 r - a staff of air
Jewellery
 G - a ring of resist corrosion (right hand)
Wands
 t - a wand of flame (4)
Scrolls
 c - 3 scrolls of blinking
 f - 8 scrolls of teleportation {@r4}
 h - a scroll of enchant weapon {unknown}
 l - a scroll of vulnerability {unknown}
 m - a scroll of fear {unknown}
 q - 4 scrolls of noise {!r}
 u - a scroll of brand weapon {unknown}
 x - a scroll of torment {unknown}
 y - a scroll of poison {unknown}
 F - a scroll of enchant armour {unknown}
 I - a scroll of magic mapping {unknown}
Potions
 e - 2 potions of heal wounds {@q2}
 i - 4 potions of curing {@q1}
 j - a potion of mutation {unknown}
 n - 2 potions of berserk rage {unknown}
 v - a potion of cancellation {unknown}
 A - a potion of magic
 B - 3 potions of flight
 C - a potion of invisibility {unknown}
 D - 2 potions of attraction {!q}
 E - 2 potions of ambrosia {unknown}
 H - 2 potions of haste {unknown}

Dungeon Overview and Level Annotations

Branches:
Dungeon (5/15)            Ossuary (visited)
 Temple: D:4-7

Altars:
Ashenzari
Zin

▒▒+▒▒. ......
▒▒▒▒▒▒▒...▒▒.
+.....gl.....
▒▒▒▒▒▒▒▒▒.▒▒.


You could see a wyvern.


Message History

Unknown command.
The wyvern closely misses you. The wyvern misses you.
Aiming: Searing Ray (safe; 1% risk of failure)
Aim: a wyvern (81% to hit)
The searing ray hits the wyvern.
The wyvern is lightly wounded. (Press . to maintain the ray.)
The wyvern barely misses you.
The searing ray hits the wyvern.
The wyvern is moderately wounded.
The wyvern barely misses you. The wyvern bites you!
* * * LOW HITPOINT WARNING * * *
The searing ray hits the wyvern!
The wyvern is heavily wounded.
The wyvern closely misses you.
The searing ray hits the wyvern!
The wyvern is almost dead.
You finish channelling your searing ray.
The wyvern closely misses you. The wyvern bites you.
* * * LOW HITPOINT WARNING * * *
Aiming: Searing Ray (safe; 1% risk of failure)
Aim: a wyvern (almost dead, 81% to hit)
The searing ray hits the wyvern but does no damage.
The wyvern is almost dead. (Press . to maintain the ray.)
The wyvern bites you!
You die...

Action                   |  1- 3 |  4- 6 |  7- 9 || total
-------------------------+-------+-------+-------++-------
Melee: Dagger            |    13 |    17 |    18 ||    48
       Bite              |     3 |       |     6 ||     9
       Falchion          |       |       |    33 ||    33
       Punch             |       |       |     2 ||     2
 Cast: Magic Dart        |    58 |    28 |    43 ||   129
       Searing Ray       |     1 |     8 |    38 ||    47
       Fulminant Prism   |       |       |     1 ||     1
Invok: Curse Item        |       |       |     1 ||     1
Evoke: Wand              |       |     1 |     6 ||     7
  Use: Scroll            |       |       |     7 ||     7
       Potion            |       |       |     2 ||     2
 Stab: Sleeping          |     1 |     2 |     1 ||     4
       Distracted        |       |       |     2 ||     2
Armor: Robe              |     2 |     2 |    17 ||    21
       Leather armour    |       |       |    10 ||    10
Dodge: Dodged            |    12 |    17 |    83 ||   112

Levels and vault maps discovered:
D:1:      dpeg_arrival_boxes_within_box, layout_basic,
          ebering_ecumenical_altar_ruins, chequers_decorated_corner
D:2:      cheibrodos_fertilizer, layout_basic, st_stairs_1,
          nicolae_hexahallways, minmay_pentomino_x4, uniq_crazy_yiuf_cottage
D:3:      layout_loops_ring, evilmike_ruin_ashenzari, general_overflow_altar,
          uniq_jessica, uniq_grinder
D:4:      layout_basic, nicolae_wu_jian_immortal_techniques, hex_medium,
          minivault_24, minmay_ruptured, uniq_eustachio
D:5:      layout_rooms, enter_ossuary_4

Notes
Turn   | Place    | Note
-------+----------+-------------------------------------------
     0 | D:1      | sanka the Gnoll Conjurer began the quest for the Orb.
     0 | D:1      | Reached XP level 1. HP: 13/13 MP: 6/6
    61 | D:1      | Reached XP level 2. HP: 19/19 MP: 1/7
    64 | D:1      | Learned a level 2 spell: Searing Ray
   613 | D:1      | Found a faded altar of an unknown god.
   616 | D:1      | Reached skill level 5 in Spellcasting
   616 | D:1      | Reached XP level 3. HP: 25/25 MP: 5/9
  1435 | D:2      | Reached skill level 1 in Invocations
  1597 | D:2      | Reached skill level 1 in Fighting
  1597 | D:2      | Reached skill level 1 in Short Blades
  1597 | D:2      | Reached skill level 1 in Long Blades
  1597 | D:2      | Reached skill level 1 in Axes
  1597 | D:2      | Reached skill level 1 in Maces & Flails
  1597 | D:2      | Reached skill level 1 in Polearms
  1597 | D:2      | Reached skill level 1 in Staves
  1597 | D:2      | Reached skill level 1 in Ranged Weapons
  1597 | D:2      | Reached skill level 1 in Throwing
  1597 | D:2      | Reached skill level 1 in Armour
  1597 | D:2      | Reached skill level 1 in Shields
  1597 | D:2      | Reached skill level 1 in Unarmed Combat
  1597 | D:2      | Reached skill level 1 in Evocations
  1650 | D:2      | Reached skill level 1 in Hexes
  1650 | D:2      | Reached skill level 1 in Summonings
  1650 | D:2      | Reached skill level 1 in Necromancy
  1650 | D:2      | Reached skill level 1 in Translocations
  1650 | D:2      | Reached skill level 1 in Transmutations
  1650 | D:2      | Reached skill level 1 in Fire Magic
  1650 | D:2      | Reached skill level 1 in Ice Magic
  1650 | D:2      | Reached skill level 1 in Air Magic
  1650 | D:2      | Reached skill level 1 in Earth Magic
  1650 | D:2      | Reached skill level 1 in Poison Magic
  1650 | D:2      | Reached XP level 4. HP: 19/32 MP: 7/11
  1871 | D:2      | Identified a scarf of resistance
  2033 | D:2      | Reached XP level 5. HP: 37/37 MP: 8/12
  2669 | D:2      | Found a runed translucent door.
  2670 | D:2      | Noticed Crazy Yiuf
  2969 | D:2      | Killed Crazy Yiuf
  3215 | D:3      | Found a broken altar of Ashenzari.
  3223 | D:3      | Became a worshipper of Ashenzari the Shackled
  3277 | D:3      | Noticed Grinder
  3284 | D:3      | Killed Grinder
  3285 | D:3      | Reached skill level 2 in Fighting
  3285 | D:3      | Reached skill level 2 in Short Blades
  3285 | D:3      | Reached skill level 2 in Long Blades
  3285 | D:3      | Reached skill level 2 in Axes
  3285 | D:3      | Reached skill level 2 in Maces & Flails
  3285 | D:3      | Reached skill level 2 in Polearms
  3285 | D:3      | Reached skill level 2 in Staves
  3285 | D:3      | Reached skill level 2 in Ranged Weapons
  3285 | D:3      | Reached skill level 2 in Throwing
  3285 | D:3      | Reached skill level 2 in Armour
  3285 | D:3      | Reached skill level 5 in Dodging
  3285 | D:3      | Reached skill level 2 in Shields
  3285 | D:3      | Reached skill level 2 in Unarmed Combat
  3285 | D:3      | Reached skill level 2 in Invocations
  3285 | D:3      | Reached skill level 2 in Evocations
  3285 | D:3      | Reached XP level 6. HP: 33/44 MP: 4/14
  3571 | D:3      | HP: 4/44 [orc/+0 hand axe (6)]
  3928 | D:3      | Noticed Jessica
  3933 | D:3      | Killed Jessica
  3934 | D:3      | Reached XP level 7. HP: 50/50 MP: 15/15
  4092 | D:3      | Found a glowing silver altar of Zin.
  4354 | D:4      | Reached skill level 2 in Hexes
  4354 | D:4      | Reached skill level 2 in Summonings
  4354 | D:4      | Reached skill level 2 in Necromancy
  4354 | D:4      | Reached skill level 2 in Translocations
  4354 | D:4      | Reached skill level 2 in Transmutations
  4354 | D:4      | Reached skill level 2 in Fire Magic
  4354 | D:4      | Reached skill level 2 in Ice Magic
  4354 | D:4      | Reached skill level 2 in Air Magic
  4354 | D:4      | Reached skill level 2 in Earth Magic
  4354 | D:4      | Reached skill level 2 in Poison Magic
  4571 | D:4      | Identified the +2 leather armour of Gehenna {Fly SInv}
  4588 | D:4      | You are sucked into a shaft and drop 1 floor!
  4588 | D:5      | Entered Level 5 of the Dungeon
  4652 | D:5      | Identified the +2 falchion of Ewisy {elec, rN+ rCorr}
  4703 | D:5      | Found a sand-covered staircase.
  4722 | Ossuary  | Entered an ossuary
  4745 | Ossuary  | Reached skill level 5 in Stealth
  4805 | Ossuary  | Learned a level 4 spell: Fulminant Prism
  4830 | Ossuary  | Reached skill level 3 in Invocations
  5213 | Ossuary  | Reached skill level 3 in Fighting
  5213 | Ossuary  | Reached skill level 3 in Short Blades
  5213 | Ossuary  | Reached skill level 3 in Long Blades
  5213 | Ossuary  | Reached skill level 3 in Axes
  5213 | Ossuary  | Reached skill level 3 in Maces & Flails
  5213 | Ossuary  | Reached skill level 3 in Polearms
  5213 | Ossuary  | Reached skill level 3 in Staves
  5213 | Ossuary  | Reached skill level 3 in Ranged Weapons
  5213 | Ossuary  | Reached skill level 3 in Throwing
  5213 | Ossuary  | Reached skill level 3 in Armour
  5213 | Ossuary  | Reached skill level 3 in Shields
  5213 | Ossuary  | Reached skill level 3 in Unarmed Combat
  5213 | Ossuary  | Reached skill level 3 in Evocations
  5222 | Ossuary  | Reached XP level 8. HP: 30/58 MP: 2/17
  5459 | Ossuary  | Reached skill level 6 in Spellcasting
  6018 | Ossuary  | Reached skill level 4 in Invocations
  6074 | Ossuary  | Reached skill level 3 in Hexes
  6074 | Ossuary  | Reached skill level 3 in Summonings
  6074 | Ossuary  | Reached skill level 3 in Necromancy
  6074 | Ossuary  | Reached skill level 3 in Translocations
  6074 | Ossuary  | Reached skill level 3 in Transmutations
  6074 | Ossuary  | Reached skill level 3 in Fire Magic
  6074 | Ossuary  | Reached skill level 3 in Ice Magic
  6074 | Ossuary  | Reached skill level 3 in Air Magic
  6074 | Ossuary  | Reached skill level 3 in Earth Magic
  6074 | Ossuary  | Reached skill level 3 in Poison Magic
  6542 | D:5      | Noticed a wyvern
  6564 | D:4      | Slain by a wyvern

Vanquished Creatures
  Grinder (D:3)
  3 wyvern zombies (Ossuary)
  2 water moccasin zombies (Ossuary)
  6 bullfrog zombies (Ossuary)
  3 centaur zombies (Ossuary)
  An orc priest (D:3)
  2 hounds (D:5)
  2 jellies (D:2)
  An orc wizard (D:3)
  Jessica (D:3)
  Crazy Yiuf (D:2)
  2 killer bee zombies (Ossuary)
  15 mummies (Ossuary)
  2 howler monkey zombies (Ossuary)
  4 gnolls (D:4)
  2 adders
  A worm (D:2)
  A dart slug (D:4)
  4 orcs
  7 bats
  14 endoplasms
  3 goblins
  8 hobgoblins
  9 jackals (D:1)
  A quokka (D:2)
  4 ball pythons
  3 frilled lizards
  A goblin zombie (D:5)
  13 kobolds
  3 rats (D:2)
  A rat zombie (D:5)
121 creatures vanquished.

Vanquished Creatures (others)
  A fulminant prism (D:5)
  2 fungi (D:2)
  12 toadstools (D:2)
  7 withered plants (Ossuary)
22 creatures vanquished.

Grand Total: 143 creatures vanquished
